AoeStats
← HR Pinkman

Arena

509488078Analyzed
4v4 RM · 4d ago on Sep 26, 2026· 17m 5s· 8 players
Game mode
Random Map
Map size
Large (8 player)
Population
200
Speed
Normal
Resources
Standard
Victory
Conquest
Starting age
Dark Age
Ending age
Imperial Age
RankedLock teamsTeams togetherTeam positionsShared explorationLock speedFull tech treeHidden civsTurbo modeCheats
Victory
Defeat
🇨🇱 Franks · Chile
1887
+10
🇨🇱 Berbers · Chile
1869
+11
🇨🇱 Sicilians · Chile
1867
+11
🇨🇱 Magyars · Chile
1858
+11
🇫🇷 Malians · France
1826
-13
🇦🇷 Hindustanis · Argentina
1783
-12
🇲🇽 Wu · Mexico
1718
-10
🇦🇷 Persians · Argentina
1662
-8
hK | Anubis
11:05 Feudal Age
14:51 Castle Age
13:04 Double-Bit Axe
16:26 Bow Saw
16:31 Fletching
=)Svanhilde
9:49 Feudal Age
10:53 Loom
13:18 Castle Age
11:34 Double-Bit Axe
11:29 Horse Collar
14:07 Wheelbarrow
14:23 Bow Saw
MUERE CACA
10:20 Feudal Age
8:44 Loom
10:35 Feudal Age
16:10 Castle Age
15:29 Double-Bit Axe
15:26 Horse Collar
GG Burrito is back
10:27 Feudal Age
13:58 Castle Age
12:59 Double-Bit Axe
14:00 Loom
13:57 Horse Collar
14:31 Light Cavalry
16:23 Bow Saw
HR itu
8:08 Feudal Age
6:24 Loom
9:02 Double-Bit Axe
9:38 Fletching
17:12 Wheelbarrow
HR Sobek
10:29 Feudal Age
14:27 Castle Age
13:00 Double-Bit Axe
16:04 Bow Saw
HR Whitecourt
10:21 Feudal Age
14:28 Castle Age
12:19 Double-Bit Axe
13:01 Horse Collar
15:19 Scale Barding Armor
HR Pinkman
10:24 Feudal Age
13:59 Castle Age
11:56 Double-Bit Axe
14:09 Horse Collar
14:53 Bow Saw
Connection lost

Rejoining the realm…

Still unreachable

The connection could not be restored.

Session expired

The server has moved on; the page needs a fresh start.